 Dungeon Crawl Stone Soup version 0.21-a0-84-g85d6d27 (webtiles) character file.

143302 durraq the Severer (level 17, -11/93 HPs)
             Began as a Vine Stalker Berserker on June 23, 2017.
             Was the Champion of Trog.
             Mangled by a spriggan rider
             ... wielding a +0 spear
              (15 damage)
             ... on level 4 of the Swamp on June 24, 2017.
             The game lasted 01:11:07 (22756 turns).

durraq the Severer (Vine Stalker Berserker)        Turns: 22756, Time: 01:11:07

Health: -11/93     AC: 22    Str: 27    XL:     17   Next: 37%
Magic:  0/23       EV: 17    Int:  9    God:    Trog [******]
Gold:   2471       SH:  0    Dex: 26    Spells: 16/16 levels left

rFire    . . .     SeeInvis +   a - +4 executioner's axe (flame)
rCold    + . .     Gourm    .   (shield currently unavailable)
rNeg     + . .     Faith    +   O - +5 scale mail "Zeut" {*Drain rC+ Dex+9 Stlth+}
rPois    +         Spirit   +   m - +2 hat {MR+}
rElec    .         Reflect  .   P - +0 cloak
rCorr    .         Harm     .   Z - +1 pair of gloves {Dex+3}
MR       +++..                  R - +2 pair of boots
Stlth    ++........             p - amulet of faith
HPRegen  1.05/turn              N - ring of Geffeter {rN+ Int+2 SInv}
MPRegen  0.18/turn              J - ring of poison resistance

@: very slow
A: antennae 1, fangs 3, blink, blurry vision 1, high mp 1, regeneration 2,
evolution 1, magic shield, antimagic bite, no potion heal 3, rot immunity,
MP-powered wands
a: Blink, Berserk, Trog's Hand, Brothers in Arms, Burn Spellbooks, Renounce
Religion


You were on level 4 of the Swamp.
You worshipped Trog.
Trog was exalted by your worship.
You were not hungry.

You visited 5 branches of the dungeon, and saw 27 of its levels.
You also visited: Labyrinth and Ice Cave.

You collected 2743 gold pieces.
You spent 272 gold pieces at shops.

Inventory:

Hand Weapons
 a - a +4 executioner's axe of flaming (weapon)
 b - the +9 shortbow "Cyucopre" {velocity, Str+4}
   (You bought it in a shop on level 2 of the Orcish Mines)

   Any arrow fired from it inflicts extra damage.
   It affects your strength (+4).
Missiles
 w - 80 arrows
Armour
 m - a +2 hat of magic resistance (worn)
 O - the +5 scale mail "Zeut" (worn) {*Drain rC+ Dex+9 Stlth+}
   (You found it on level 8 of the Dungeon)

   It affects your dexterity (+9).
   It protects you from cold.
   It causes draining when unequipped.
   It makes you more stealthy.
 P - a +0 cloak (worn)
 R - a +2 pair of boots (worn)
 U - the +0 hat "Hipofo Tixy" {rC++ Dex-5}
   (You found it on level 2 of the Orcish Mines)

   It affects your dexterity (-5).
   It greatly protects you from cold.
 Z - a +1 pair of gloves of dexterity (worn)
Jewellery
 g - an uncursed ring of stealth
 h - an uncursed amulet of regeneration
 p - an amulet of faith (around neck)
 J - a ring of poison resistance (right hand)
 N - the ring of Geffeter (left hand) {rN+ Int+2 SInv}
   (You found it on level 2 of the Lair of Beasts)

   [ring of positive energy]

   It affects your intelligence (+2).
   It protects you from negative energy.
   It lets you see invisible.
Wands
 k - a wand of flame (17/48)
 q - a wand of disintegration (8/24)
 r - a wand of acid (4/15)
 y - a wand of flame (34/48)
 A - a wand of lightning (9/15)
 B - a wand of flame (17/48)
 H - a wand of clouds (3/9)
 L - a wand of digging (3/24)
 M - a wand of confusion (31/48)
 T - a wand of lightning (9/15)
 V - a wand of iceblast (6/15)
 X - a wand of scattershot (4/9)
Scrolls
 j - 5 scrolls of remove curse
 v - a scroll of identify
 z - 3 scrolls of blinking
 E - 4 scrolls of recharging
 F - 2 scrolls of fog
 K - 8 scrolls of teleportation
 Q - 3 scrolls of immolation
Potions
 d - a potion of might
 l - 3 potions of invisibility
 n - 3 potions of agility
 s - 3 potions of haste
 u - 8 potions of curing
 x - 4 potions of resistance
 C - 2 potions of mutation
 D - 2 potions of magic
 G - 2 potions of flight
 I - 2 potions of cancellation
Books
 t - a book of Geomancy

   Spells                             Type                      Level
   a - Sandblast                      Earth                        1
   b - Passwall                       Transmutation/Earth          2
   c - Stone Arrow                    Conjuration/Earth            3
   d - Petrify                        Transmutation/Earth          4
   e - Lee's Rapid Deconstruction     Earth                        5
   Trog disapproves of the use of such an item.
Miscellaneous
 e - a phial of floods (inert)
 o - a lamp of fire
 Y - a lightning rod (4/4)
Comestibles
 c - 19 bread rations
 f - 14 meat rations
 i - 21 royal jellies
 S - 52 fruits
 W - 2 chunks of flesh


   Skills:
 + Level 11.6 Fighting
 * Level 20.1 Axes
 * Level 6.2 Bows
 + Level 0.1 Throwing
 + Level 9.2 Armour
 * Level 7.3 Dodging
 + Level 3.0 Stealth
 * Level 4.5 Evocations


You had 16 spell levels left.
You didn't know any spells.

Dungeon Overview and Level Annotations

Branches:
Dungeon (14/15)            Temple (0/1) D:6            Lair (6/6) D:9
  Swamp (4/4) Lair:4       Spider (0/4) Lair:2        Slime (0/5) Lair:6
    Orc (2/2) D:10            Elf (1/3) Orc:2        Vaults (0/5) D:13

Altars:
Fedhas
Makhleb
Nemelex Xobeh
Okawaru
Sif Muna
Trog
Wu Jian
Xom
Yredelemnul
Zin
The Shining One
Beogh

Shops:
Orc:2 ?!((

Annotations:
D:1 vault!
Lair:3 exclusion: oklob plant


Innate Abilities, Weirdness & Mutations

You have razor-sharp teeth.
You heal very quickly.
When hurt, damage is shared between your health and your magic reserves.
Your bite disrupts and absorbs the magic of your enemies.
Potions cannot restore your health.
You are immune to rotting.
You have a pair of small antennae on your head.
You can translocate small distances at will.
Scrolls take you a little longer to read.
You have an increased reservoir of magic. (+10% MP)
You evolve.
You expend magic power (3 MP) to strengthen your wands.


Message History

Aiming: Iceblast (will waste charges)
Press: ? - help, Shift-Dir - straight line, f - spriggan rider
Aim: a spriggan rider, wielding a spear The mass of ice explodes!
The iceblast engulfs the spriggan rider.
The spriggan rider is moderately wounded.
The iceblast engulfs the spriggan rider.
You kill the spriggan!
Trog accepts your kill.
The hornet is almost dead.
Evoking this partially-identified wand wasted a few charges.
The spriggan rider hits you but does no damage.
Unknown command.
Really read with blurry vision while enemies are nearby?
The hornet stings you.
* * * LOW HITPOINT WARNING * * *
The human completely misses the swamp drake.
You begin reading the scroll.
You continue reading the scroll.
The spriggan rider hits you from afar with a spear!
You die...

..≈♣♣ ♣♣.§≈≈≈≈.♣≈≈≈♣♣≈≈≈≈♣
. ..≈.♣
♣..§≈≈≈≈.≈).♣≈♣≈≈♣♣.. ...♣♣
♣.≈≈≈.≈≈≈♣♣..≈≈≈♣♣ .≈ ....♣
♣♣.≈≈.♣..........♣
..≈≈♣♣♣♣≈≈....♣♣≈≈≈≈.♣♣♣...
≈≈≈≈♣≈♣....≈≈.♣♣.≈≈?.♣♣
♣≈≈....≈≈.≈≈≈≈♣♣♣i...§♣
#♣≈.≈≈♣...♣♣♣♣♣♣≈.)..≈♣
##...≈≈.≈♣♣♣♣ ♣@y≈≈≈.♣
##♣≈≈♣♣♣...≈♣ ♣.≈≈≈p.♣ ♣..♣
♣≈≈..♣ ♣♣♣...k.†
#≈≈..♣♣.≈≈.♣ ♣♣≈≈≈≈≈
♣.≈..♣♣♣♣♣♣♣ ♣≈≈≈≈≈ .≈≈≈≈≈
≈≈≈≈ ≈..≈≈≈.≈ ≈≈≈ ...≈≈≈...
≈≈≈ ♣..≈....♣♣


You could see a spriggan rider, a hornet, a swamp drake and a neutral human
(wandering).

Vanquished Creatures
  Kirke (Swamp:4)
  The ghost of nikopol the Marksminotaur, a journeyman MiBe of Trog (Orc:2)
  Louise (Swamp:3)
  A very ugly thing (Swamp:1)
  Nessos (Lair:4)
  A minotaur (Lab)
  An ogre mage (D:13)
  A fire dragon (Lair:6)
  27 hydras
  3 merfolk avatars (Swamp:4)
  3 centaur warriors
  A ghost crab (Swamp:2)
  A catoblepas (Lair:3)
  5 two-headed ogres
  An alligator (Swamp:2)
  3 orc high priests (Orc:2)
  4 death yaks (Lair:6)
  The ghost of p0werm0de the Covert, a novice OpIE of Gozag (D:9)
  The ghost of p0werm0de the Fighter, a novice DsWn (D:8)
  2 deep elf knights
  9 skeletal warriors
  An unseen horror (D:13)
  5 shambling mangroves
  10 swamp dragons
  4 orc knights (Orc:2)
  Pikel (D:4)
  2 cyclopes
  4 orc sorcerers (Orc:2)
  4 manticores
  10 deep elf magi
  2 wolf spiders (Lair:6)
  4 ugly things
  7 black mambas
  32 elephants
  Maurice (D:8)
  3 ice statues (IceCv)
  13 spiny frogs
  2 gargoyles
  8 komodo dragons
  3 kobold demonologists
  2 rime drakes
  5 trolls
  5 tyrant leeches
  6 slime creatures
  19 hornets
  10 polar bears
  6 bog bodies
  5 raiju (Lair:6)
  14 hippogriffs
  8 blink frogs
  3 shadows
  8 spriggans
  A wraith (D:13)
  A wyvern (D:13)
  A water elemental (Elf:1)
  2 vampires
  42 yaks
  2 steam dragons (Lair:6)
  12 vampire mosquitoes
  5 basilisks
  18 swamp worms
  7 wargs
  4 insubstantial wisps (Swamp:4)
  Edmund (D:4)
  2 acid dragons (Lair:6)
  2 soldier ants (D:13)
  12 water moccasins
  16 swamp drakes
  12 hell hounds (Lair:6)
  12 porcupines
  17 ice beasts
  23 orc warriors
  4 sky beasts
  3 phantoms
  14 black bears
  A slave (D:4)
  An eye of draining (D:11)
  10 ogres
  24 wolves
  12 centaurs
  9 crocodiles
  5 big kobolds
  Blork the orc (D:6)
  17 bullfrogs
  A water moccasin zombie (D:6)
  A wyvern skeleton (D:13)
  6 scorpions
  12 killer bees
  5 wights (D:11)
  7 howler monkeys
  7 crimson imps
  3 bullfrog zombies
  5 hounds
  3 jellies
  5 centaur skeletons
  2 gnoll shamans
  18 orc priests
  2 bullfrog skeletons
  An iron imp (Orc:2)
  Jessica (D:5)
  7 iguanas
  19 orc wizards
  9 worker ants
  A killer bee zombie (D:9)
  A worker ant zombie (D:7)
  15 gnolls
  2 howler monkey skeletons
  14 adders
  4 shadow imps
  A white imp (Orc:2)
  5 worms
  11 leopard geckos
  67 orcs
  6 giant cockroaches
  8 goblins
  6 hobgoblins
  14 jackals
  3 quokkas
  8 bats
  5 frilled lizards
  17 kobolds
  A leopard gecko skeleton (D:4)
  6 rats
  3 fungi
  A plant (Lair:6)
882 creatures vanquished.

Vanquished Creatures (collateral kills)
  Mara (Swamp:4)
  A swamp drake (Swamp:4)
2 creatures vanquished.

Vanquished Creatures (others)
  A swamp dragon (Swamp:4)
  A wizard (D:6)
  3 humans (Swamp:4)
  An orc priest (Orc:2)
  An orc wizard (Orc:2)
  3 jackals (D:4)
  A bush (Lair:6)
  4 fungi
  19 plants
34 creatures vanquished.

Grand Total: 918 creatures vanquished

Notes
Turn   | Place    | Note
-------+----------+-------------------------------------------
     0 | D:1      | durraq the Vine Stalker Berserker began the quest for the Orb.
     0 | D:1      | Reached XP level 1. HP: 11/11 MP: 2/2
   234 | D:1      | Reached XP level 2. HP: 16/16 MP: 3/3
   634 | D:1      | Reached skill level 3 in Axes
   635 | D:1      | Reached XP level 3. HP: 20/20 MP: 4/4
   998 | D:1      | Reached ** piety under Trog
  1130 | D:2      | Found a burning altar of Makhleb.
  1662 | D:2      | Gained mutation: Your natural rate of healing is unusually fast. [Vine Stalker growth]
  1662 | D:2      | Reached XP level 4. HP: 24/24 MP: 5/5
  1666 | D:2      | Found an iron altar of Okawaru.
  2325 | D:3      | Reached XP level 5. HP: 19/28 MP: 4/6
  2326 | D:3      | Reached skill level 4 in Axes
  2336 | D:3      | Reached *** piety under Trog
  2575 | D:4      | Noticed an ogre
  2578 | D:4      | Killed an ogre
  2578 | D:4      | Reached XP level 6. HP: 33/33 MP: 7/7
  2691 | D:4      | Noticed Edmund
  2699 | D:4      | Killed Edmund
  2699 | D:4      | Reached skill level 5 in Axes
  2750 | D:4      | Reached XP level 7. HP: 37/37 MP: 8/8
  2755 | D:4      | Reached skill level 1 in Stealth
  2839 | D:4      | Noticed Pikel
  2861 | D:4      | Killed Pikel
  2861 | D:4      | Reached skill level 6 in Axes
  2861 | D:4      | Gained mutation: You have razor-sharp teeth. [Vine Stalker growth]
  2861 | D:4      | Reached XP level 8. HP: 36/42 MP: 9/9
  3139 | D:4      | Found a deep blue altar of Sif Muna.
  3162 | D:5      | Entered Level 5 of the Dungeon
  3232 | D:5      | Found a glowing golden altar of the Shining One.
  3455 | D:5      | Reached **** piety under Trog
  3677 | D:5      | Reached skill level 7 in Axes
  3795 | D:5      | Found a sparkling altar of Nemelex Xobeh.
  3795 | D:5      | Noticed Jessica
  3797 | D:5      | Killed Jessica
  3857 | D:5      | Reached skill level 5 in Fighting
  3980 | D:6      | Found an ornate altar of the Wu Jian Council.
  4111 | D:6      | Found a staircase to the Ecumenical Temple.
  4165 | D:6      | Found a bloodstained altar of Trog.
  4167 | D:6      | Noticed a wizard
  4173 | D:6      | Killed a wizard
  4244 | D:6      | Noticed Blork the orc
  4248 | D:6      | Killed Blork the orc
  4248 | D:6      | Reached XP level 9. HP: 47/47 MP: 10/10
  4355 | D:6      | Found a sparkling altar of Nemelex Xobeh.
  4988 | D:7      | Reached skill level 5 in Armour
  5518 | D:8      | Noticed p0werm0de's ghost (novice DsWn)
  5530 | D:8      | Killed p0werm0de's ghost
  5530 | D:8      | Reached skill level 8 in Axes
  5592 | D:8      | Reached ***** piety under Trog
  5617 | D:7      | Found a glowing silver altar of Zin.
  5689 | D:8      | Reached XP level 10. HP: 53/53 MP: 11/11
  5877 | D:8      | Noticed Maurice
  5885 | D:8      | Killed Maurice
  5903 | D:8      | Gained mutation: You are robust. (+10% HP) [mutagenic meat]
  5904 | D:8      | Gained mutation: You have large cloven feet. [mutagenic meat]
  5905 | D:8      | Gained mutation: You have hoof-like feet. [mutagenic meat]
  5906 | D:8      | Gained mutation: Armour fits poorly on your strangely shaped body. [mutagenic meat]
  6111 | D:8      | Got a transparent scale mail
  6122 | D:8      | Identified the +5 scale mail "Zeut" {*Drain rC+ Dex+9 Stlth+} (You found it on level 8 of the Dungeon)
  6285 | D:9      | Noticed p0werm0de's ghost (novice OpIE)
  6290 | D:9      | Killed p0werm0de's ghost
  6490 | D:9      | Received a gift from Trog
  6512 | D:9      | Reached skill level 9 in Axes
  6590 | D:9      | Found a staircase to the Lair.
  6736 | D:9      | Found a blossoming altar of Fedhas.
  6738 | D:9      | Found a shimmering altar of Xom.
  6785 | D:9      | Noticed a two-headed ogre
  6792 | D:9      | Killed a two-headed ogre
  6950 | D:8      | Reached XP level 11. HP: 66/66 MP: 4/12
  7202 | D:9      | Noticed a centaur warrior
  7208 | D:9      | Killed a centaur warrior
  7248 | D:10     | Entered Level 10 of the Dungeon
  7410 | D:10     | Found a staircase to the Orcish Mines.
  7483 | D:10     | Reached skill level 10 in Axes
  7700 | D:10     | Found a roughly hewn altar of Beogh.
  8129 | D:11     | Reached skill level 11 in Axes
  8175 | D:11     | Noticed a two-headed ogre
  8179 | D:11     | Killed a two-headed ogre
  8324 | D:11     | Received a gift from Trog
  8424 | D:11     | Noticed a cyan ugly thing
  8431 | D:11     | Killed a cyan ugly thing
  8809 | D:12     | Reached skill level 12 in Axes
  8822 | D:12     | Gained mutation: You heal very quickly. [Vine Stalker growth]
  8822 | D:12     | Reached XP level 12. HP: 71/71 MP: 13/13
  8932 | D:12     | Reached skill level 5 in Dodging
  9258 | D:12     | Reached skill level 13 in Axes
  9343 | D:12     | Received a gift from Trog
  9555 | D:13     | Noticed a two-headed ogre
  9562 | D:13     | Killed a two-headed ogre
  9586 | D:13     | Noticed a two-headed ogre
  9587 | D:13     | Noticed an ogre mage
  9607 | D:13     | Killed a two-headed ogre
  9611 | D:13     | Killed an ogre mage
  9611 | D:13     | Reached skill level 14 in Axes
  9652 | D:13     | Noticed a deep elf knight
  9655 | D:13     | Noticed a centaur warrior
  9661 | D:13     | Reached XP level 13. HP: 62/77 MP: 11/14
  9714 | D:13     | Found a gate to the Vaults.
 10079 | D:13     | Received a gift from Trog
 10543 | D:13     | Lost mutation: You are robust. (+10% HP) [potion of mutation]
 10543 | D:13     | Lost mutation: Armour fits poorly on your strangely shaped body. [potion of mutation]
 10543 | D:13     | Lost mutation: You have hoof-like feet. [potion of mutation]
 10543 | D:13     | Lost mutation: You have large cloven feet. [potion of mutation]
 10543 | D:13     | Gained mutation: Scrolls take you a little longer to read. [potion of mutation]
 10543 | D:13     | Gained mutation: You have a pair of small antennae on your head. [potion of mutation]
 10543 | D:13     | Gained mutation: You evolve. [potion of mutation]
 10579 | D:13     | Reached skill level 15 in Axes
 10978 | Lair:1   | Entered Level 1 of the Lair of Beasts
 10990 | Lair:1   | Reached ****** piety under Trog
 11125 | Lair:1   | Gained mutation: You can translocate small distances at will. [evolution]
 11900 | Lair:2   | Found a hole to the Spider Nest.
 11981 | Lair:2   | Reached XP level 14. HP: 76/76 MP: 15/15
 12062 | Lair:2   | Reached skill level 10 in Fighting
 12062 | Lair:2   | Reached skill level 16 in Axes
 12151 | Lair:2   | Got a bound bronze ring
 12154 | Lair:2   | Identified the ring of Geffeter {rN+ Int+2 SInv} (You found it on level 2 of the Lair of Beasts)
 12552 | Lair:3   | Received a gift from Trog
 13247 | Lair:3   | Reached skill level 17 in Axes
 13945 | Lair:4   | Gained mutation: You have an increased reservoir of magic. (+10% MP) [evolution]
 13978 | Lair:4   | Found a staircase to the Swamp.
 14457 | Lair:4   | Noticed Nessos
 14462 | Lair:4   | Killed Nessos
 14740 | Lair:5   | Received a gift from Trog
 14867 | Lair:5   | Found a labyrinth entrance.
 14872 | Lab      | Entered a labyrinth
 14986 | Lab      | Upgraded the game from 0.21-a0-81-gc5150db to 0.21-a0-84-g85d6d27
 15172 | Lair:5   | Reached XP level 15. HP: 81/81 MP: 17/17
 15454 | Lair:5   | Identified the +3 arbalest "Fegaf" {flame, *Slow Int+5} (You found it on level 5 of the Lair of Beasts)
 15952 | Lair:6   | Entered Level 6 of the Lair of Beasts
 16030 | Lair:6   | Reached skill level 18 in Axes
 16194 | Lair:6   | Received a gift from Trog
 16709 | Lair:6   | Received a gift from Trog
 16769 | Lair:6   | Found a staircase to the Slime Pits.
 17294 | Lair:6   | Gained mutation: You expend magic power (3 MP) to strengthen your wands. [evolution]
 17476 | Orc:1    | Entered Level 1 of the Orcish Mines
 17692 | Orc:2    | Entered Level 2 of the Orcish Mines
 17793 | Orc:2    | Reached skill level 1 in Evocations
 17837 | Orc:2    | Found a staircase to the Elven Halls.
 17852 | Orc:2    | Found a frozen archway.
 17858 | Orc:2    | Received a gift from Trog
 17878 | IceCv    | Entered an ice cave
 17996 | IceCv    | Reached skill level 19 in Axes
 18088 | Orc:2    | Noticed nikopol's ghost (journeyman MiBe)
 18114 | Orc:2    | Killed nikopol's ghost
 18278 | Orc:2    | Found Curher's Antique Weapon Shop.
 18305 | Orc:2    | Reached XP level 16. HP: 87/87 MP: 15/20
 18328 | Orc:2    | Found Yti Bal's Weapon Shoppe.
 18350 | Orc:2    | Bought a translucent shortbow for 272 gold pieces
 18352 | Orc:2    | Identified the +9 shortbow "Cyucopre" {velocity, Str+4} (You bought it in a shop on level 2 of the Orcish Mines)
 18358 | Orc:2    | Found Ymouqy's Distillery.
 18390 | Orc:2    | Found Nilaex's Magic Scroll Shop.
 18605 | Orc:2    | Got a shimmering hat
 18611 | Orc:2    | Identified the cursed +0 hat "Hipofo Tixy" {rC++ Dex-5} (You found it on level 2 of the Orcish Mines)
 19027 | Elf:1    | Entered Level 1 of the Elven Halls
 19273 | Swamp:1  | Entered Level 1 of the Swamp
 19353 | Swamp:1  | Received a gift from Trog
 19410 | Swamp:1  | Found a basalt altar of Yredelemnul.
 19418 | Swamp:1  | Reached skill level 1 in Bows
 19632 | Swamp:1  | You fall through a shaft!
 20686 | Swamp:2  | Received a gift from Trog
 21225 | Swamp:3  | Noticed Louise
 21251 | Swamp:3  | Killed Louise
 21796 | Swamp:4  | Entered Level 4 of the Swamp
 22065 | Swamp:4  | Reached skill level 20 in Axes
 22084 | Swamp:3  | Received a gift from Trog
 22085 | Swamp:3  | Reached XP level 17. HP: 61/91 MP: 12/22
 22164 | Swamp:4  | Received a gift from Trog
 22432 | Swamp:4  | Reached skill level 5 in Bows
 22546 | Swamp:4  | Noticed Mara
 22558 | Swamp:4  | Killed Mara
 22694 | Swamp:4  | Noticed Kirke
 22714 | Swamp:4  | Killed Kirke
 22755 | Swamp:4  | HP: 3/93 [hornet (2)]
 22756 | Swamp:4  | Mangled by a spriggan rider

Vault maps used:
D:1:      lightli_arrival_statuegarden, serial_glass, glass_columns_c,
          glass_columns_a, glass_columns_c, glass_columns_a, glass_columns_b,
          glass_columns_b, glass_columns_b, glass_columns_a,
          minmay_strange_pillars, due_unseen_surprise, minmay_curled_crystal
D:2:      old_standard_altar, first_bread, kennysheep_okawaru_gauntlet
D:4:      led_sif_pool, kennysheep_big_empty_room, uniq_edmund, uniq_pikel
D:5:      nicolae_tso_swordbearing_angel, nemelex_lonely_heart_becter
D:6:      lemuel_coloured_pillars_altar, lemuel_crystal_altar,
          minmay_temple_entry_crystal_x, trog_wizard, uniq_blork_the_orc
D:7:      nicolae_overflow_hidden_temple, kennysheep_nondescript
D:8:      uniq_maurice
D:9:      minitemple, grunt_lair_entry_orc_guard_hut
D:10:     minmay_orc_entry_temple_small
D:11:     the_bakery
D:13:     hangedman_vaults_entry_quadrant_bands
D:14:     minmay_misc_feat_more_columns
Lair:1:   st_stairs_11, grunt_forest_small_clearings,
          hangedman_lair_generics_rect
Lair:2:   nicolae_spider_entry_non_spiders, serial_bayou_pond_c,
          grunt_megastairs_3
Lair:3:   minmay_lair_oklob_chamber, infiniplex_staircase_pool,
          lemuel_fruit_tree, lemuel_fruit_fields
Lair:4:   minmay_swamp_entry_worms, uniq_nessos
Lair:5:   lab_entry_generic, grunt_megastairs_4
Lair:6:   hangedman_lair_caniforms_friends, guppyfry_lair_end_dragon,
          slime_dummy
Swamp:1:  basic_altar
Swamp:2:  evilmike_swamp_ruin_house_5, swamp_pool2, nicolae_swamp_baby_hydras
Swamp:3:  evilmike_swamp_ruin_rubble_1, uniq_louise
Swamp:4:  swamp, swamp_pool4, grunt_lady_of_the_lake, uniq_kirke, uniq_mara
Orc:1:    basic_altar, lightli_orcish_oven
Orc:2:    st_orc_elflike, portal_ice_cave_entry_ice_beasts,
          hangedman_minor_magic
Elf:1:    eino_elf_arrival_shootout, minmay_elf_demonology, minivault_13
Lab:      labyrinth_green, labyrinth_lava_lair, nicolae_lab_do_over
IceCv:    ice_cave_statue_garden_chambered

Skill      XL: |  1  2  3  4  5  6  7  8  9 10 11 12 13 14 15 16 17 |
---------------+----------------------------------------------------+-----
Fighting       | 3 4 5 6 8 9 10 11 | 11.6
Axes           | 3 4 5 6 7 8 9 12 14 15 17 19 20 | 20.1
Dodging        | 2 3 4 5 6 7 |  7.3
Armour         | 2 3 4 6 7 8 9 |  9.2
Stealth        | 1 2 3 |  3.0
Evocations     | 1 3 4 |  4.5
Bows           | 4 6 |  6.2
Throwing       | |  0.1

Action                   |  1- 3 |  4- 6 |  7- 9 | 10-12 | 13-15 | 16-18 || total
-------------------------+-------+-------+-------+-------+-------+-------++-------
Melee: Hand axe          |    99 |   106 |    12 |       |       |       ||   217
       Bite              |    19 |    29 |    58 |   147 |   350 |   148 ||   751
       Flail             |       |     5 |   215 |    75 |    32 |       ||   327
       Kick              |       |       |       |   119 |       |       ||   119
       Battleaxe         |       |       |       |   291 |   236 |       ||   527
       Executioner's axe |       |       |       |       |   453 |   336 ||   789
 Fire: Longbow           |       |       |       |       |     3 |       ||     3
       Shortbow          |       |       |       |       |       |   177 ||   177
Throw: Stone             |       |       |       |     2 |       |       ||     2
Invok: Berserk           |     1 |     6 |     7 |    11 |    15 |       ||    40
       Trog's Hand       |       |     1 |       |     3 |     2 |     4 ||    10
       Burn Spellbooks   |       |       |       |       |       |     2 ||     2
       Brothers in Arms  |       |       |       |       |       |     3 ||     3
 Abil: Blink             |       |       |       |       |       |     2 ||     2
Evoke: Wand              |       |       |     1 |     1 |     6 |     1 ||     9
       Lamp of fire      |       |       |       |       |     1 |     1 ||     2
       Phial of floods   |       |       |       |       |       |     1 ||     1
  Use: Scroll            |       |     4 |     5 |     5 |    24 |     4 ||    42
       Potion            |       |       |       |       |     8 |     2 ||    10
 Stab: Sleeping          |       |       |       |     6 |     7 |     3 ||    16
       Invisible         |       |       |       |       |     9 |       ||     9
       Confused          |       |       |       |       |     7 |     5 ||    12
       Paralysed         |       |       |       |       |     2 |       ||     2
       Distracted        |       |       |       |       |       |     1 ||     1
  Eat: Chunk             |     3 |     9 |    17 |    28 |    43 |    10 ||   110
       Bread ration      |       |       |       |       |       |     2 ||     2
Armor: Animal skin       |     6 |       |       |       |       |       ||     6
       Scale mail        |    44 |    44 |   120 |   150 |   374 |   224 ||   956
Dodge: Dodged            |    58 |    62 |   134 |   235 |   629 |   363 ||  1481
